 Dungeon Crawl Stone Soup version 0.29-a0-541-gaf1fc19f1b (webtiles) character file.

Game seed: 771288104218099639

910 zishaf the Vandal (level 7, -1/90 HPs)
             Began as a Demigod Wanderer on June 2, 2022.
             Slain by a steam dragon (5 damage)
             ... on level 5 of the Dungeon.
             The game lasted 00:10:13 (4474 turns).

zishaf the Vandal (Demigod Wanderer)                Turns: 4474, Time: 00:10:13

Health: -1/90      AC: 23    Str: 11    XL:     7   Next: 52%
Magic:  11/11      EV:  2    Int: 19    God:
Gold:   205        SH:  5    Dex: 18    Spells: 8/8 levels left

rFire   . . .      SeeInvis .   b - +2 dagger (venom)
rCold   . . .      Faith    .   (no shield)
rNeg    . . .      Spirit   .   (body armour currently unavailable)
rPois   +          Reflect  +   (helmet currently unavailable)
rElec   .          Harm     .   (cloak currently unavailable)
rCorr   .          Rampage  .   (gloves currently unavailable)
Will    .....      NoTele   +   (boots currently unavailable)
Stlth   ++........              e - amulet of reflection
HPRegen 0.25/turn               (no ring)
MPRegen 0.12/turn               (no ring)

@: tree-form
A: stationary, stasis, torment immunity, boosted hp, high MP 1, forlorn, divine
attributes
a: no special abilities


You were on level 5 of the Dungeon.
You were a tree.
You visited 1 branch of the dungeon, and saw 5 of its levels.

You collected 205 gold pieces.

Inventory:

Hand Weapons
 a - a +4 hunting sling
 b - a +2 dagger of venom (weapon)
 s - a +0 dagger of draining
Missiles
 p - 5 poisoned darts
 w - a boomerang
Armour
 i - a +2 cloak (melded)
 k - a +0 pair of gloves (melded)
 q - a +0 ring mail (melded)
 r - a +0 pair of boots (melded)
Jewellery
 e - an amulet of reflection (around neck)
Wands
 d - a wand of iceblast (3)
 g - a wand of polymorph (8)
Scrolls
 c - 2 scrolls of blinking
 l - 2 scrolls of poison
 v - a scroll of summoning
Potions
 j - a potion of cancellation {unknown}
 m - 2 potions of mutation
 n - a potion of haste {unknown}
 o - 2 potions of heal wounds {unknown}
 t - a potion of attraction {unknown}
 u - a potion of flight {unknown}


   Skills:
 + Level 4.6 Fighting
 + Level 3.7 Short Blades
 + Level 4.9(5.0) Slings
 - Level 1.0(3.2) Throwing
 - Level 1.0 Armour
 - Level 1.0 Dodging
 - Level 1.7 Stealth
 - Level 1.0 Spellcasting
 + Level 2.7 Evocations


You had 8 spell levels left.
You didn't know any spells.
Your spell library contained the following spells:

 Spells                   Type           Power      Damage    Failure   Level
 Apportation              Tloc           0%         N/A       19%         1
 Necrotize                Necr           0%         1d4       19%         1
 Summon Small Mammal      Summ           0%         N/A       19%         1


Dungeon Overview and Level Annotations

Branches:
Dungeon (5/15)
 Temple: D:4-7

Shops:
D:3 *


Innate Abilities, Weirdness & Mutations

You are a tree.
Your roots penetrate the ground, keeping you stationary.
You cannot be teleported.
You are immune to unholy pain and torment.
Your maximum health is greatly increased.
Your equipment is partially melded.
You have an increased reservoir of magic. (+10% MP)
You shall have no god before yourself.
Your divine heritage dramatically boosts your attributes as you level up.


Message History

You hit the steam dragon.
The steam dragon looks as sick as possible!
The steam dragon is lightly wounded.
The centaur hits you.
The centaur kicks you but does no damage.
The steam dragon bites you but does no damage.
The steam dragon claws you but does no damage.
You hit the centaur.
You kill the centaur!
The steam dragon breathes steam at you. The ball of steam hits you!
* * * LOW HITPOINT WARNING * * *
Unknown command.
The steam dragon closely misses you. x2
Things that are here:
a +0 shortbow; a centaur corpse You hit the steam dragon.
The steam dragon looks as sick as possible!
The steam dragon is heavily wounded.
The steam dragon bites you.
* * * LOW HITPOINT WARNING * * *
The steam dragon closely misses you.
You feel better. The steam dragon bites you.
* * * LOW HITPOINT WARNING * * *
The steam dragon closely misses you.
The steam dragon attacks as you move away!
The steam dragon bites you.
* * * LOW HITPOINT WARNING * * *
The steam dragon barely misses you.
Aiming: Iceblast
Press: ? - help, Shift-Dir - straight line
Okay, then.
Unknown command.
Really quaff the potion of lignification?
You turn into a tree.
Your +2 cloak melds into your body.
Your +0 pair of gloves melds into your body.
Your +0 pair of boots melds into your body.
Your +0 ring mail melds into your body.
Your roots penetrate the ground.
The steam dragon bites you.
You die...

# .. ## #. ...
...
##.#####.####[#
.......$......
........#.####
#............
#.#.##...######
#.!............
#...#♣#...####
#.... .


You could see a steam dragon (extremely poisoned).

Vanquished Creatures
  Sigmund (D:4)
  Edmund (D:4)
  2 centaurs
  A necrophage (D:4)
  A scorpion (D:4)
  A killer bee (D:4)
  An orc priest (D:4)
  2 orc wizards (D:4)
  Natasha (thrice) (D:4)
  5 adders
  5 dart slugs
  12 orcs
  7 endoplasms
  5 giant cockroaches
  12 goblins
  A hobgoblin (D:3)
  9 jackals (D:1)
  9 kobolds
  3 quokkas (D:1)
  9 ball pythons
  9 bats
  4 frilled lizards (D:3)
  11 rats
114 creatures vanquished.

Notes
Turn   | Place    | Note
-------+----------+-------------------------------------------
     0 | D:1      | zishaf the Demigod Wanderer began the quest for the Orb.
     0 | D:1      | zishaf set off with the following items: a +3 hunting
                  | sling, a +0 pair of gloves, a scroll of blinking, a +0 robe
     0 | D:1      | Reached XP level 1. HP: 16/16 MP: 4/4
   368 | D:1      | Reached XP level 2. HP: 23/23 MP: 5/5
   870 | D:1      | Reached XP level 3. HP: 29/29 MP: 6/6
  1729 | D:2      | Reached XP level 4. HP: 37/37 MP: 8/8
  2197 | D:3      | Reached skill level 1 in Short Blades
  2221 | D:3      | Found Cilew's Assorted Antiques.
  2244 | D:3      | Noticed a centaur
  2247 | D:3      | Killed a centaur
  2248 | D:3      | Reached XP level 5. HP: 36/45 MP: 9/9
  2870 | D:4      | Noticed Ijyb
  2871 | D:4      | Noticed Natasha
  2875 | D:4      | Noticed Ijyb
  2875 | D:4      | Ijyb changed into Ijyb the killer bee
  2892 | D:4      | Killed Ijyb the killer bee
  2893 | D:4      | Reached XP level 6. HP: 12/52 MP: 10/10
  2902 | D:4      | Killed Natasha
  2987 | D:4      | Noticed Natasha
  2990 | D:4      | Killed Natasha
  3253 | D:4      | Noticed Sigmund
  3259 | D:4      | Killed Sigmund
  3365 | D:4      | Noticed Natasha
  3376 | D:4      | Killed Natasha
  3402 | D:4      | Reached XP level 7. HP: 56/59 MP: 11/11
  3408 | D:4      | Noticed Edmund
  3455 | D:4      | Killed Edmund
  4048 | D:5      | Entered Level 5 of the Dungeon
  4049 | D:5      | Noticed a steam dragon
  4471 | D:5      | HP: 3/60 [steam dragon (6)]
  4474 | D:5      | Slain by a steam dragon

Illustrated notes

Levels and vault maps discovered:
D:1:      dpeg_arrival_brainrot, layout_basic
D:2:      kb_forest_paths, layout_loops_ring, basic_ecumenical_altar,
          kennysheep_generic_room_14
D:3:      layout_loops_ring, serial_shops, shop_fountains,
          hangedman_decor_growths, minmay_fractal_squares_diagonal_5
D:4:      layout_rooms, uniq_sigmund, uniq_natasha, uniq_ijyb, uniq_edmund
D:5:      layout_basic

Skill      XL: |  1  2  3  4  5  6 |
---------------+-------------------+-----
Slings         | 2 3 4 |  4.9
Fighting       | 2 3 4 |  4.6
Short Blades   | 1 2 3 |  3.7
Evocations     | 2 |  2.7
Throwing       | |  1.0
Armour         | |  1.0
Dodging        | |  1.0
Stealth        | |  1.7
Spellcasting   | |  1.0

Action                   |  1- 3 |  4- 6 |  7- 9 || total
-------------------------+-------+-------+-------++-------
Melee: Dagger            |    23 |    40 |    65 ||   128
       Punch             |       |     2 |       ||     2
 Fire: Hunting sling     |    91 |   107 |       ||   198
Evoke: Wand              |       |     1 |     1 ||     2
  Use: Scroll            |       |    15 |       ||    15
       Potion            |       |     2 |     2 ||     4
Armor: Robe              |     6 |       |       ||     6
       Ring mail         |    13 |    43 |    28 ||    84
       Skin              |       |    19 |       ||    19
Dodge: Dodged            |    20 |    38 |    44 ||   102
Block: Other             |    14 |    29 |    15 ||    58
       Reflection        |       |     3 |     1 ||     4

Table legend: (Time is in decaauts)
 A = Elapsed time spent in this place.
 B = Non-inter-level travel time spent in this place.
 C = Inter-level travel time spent in this place.
 D = Time resting spent in this place.
 E = Time spent auto-exploring this place.
 F = Levels seen in this place.
 G = Mean time per level.
                   A        B        C        D        E       F      G
               +--------+--------+--------+--------+--------+-----+--------+
         Total |   4561 |   4421 |    140 |    796 |   2760 |   5 |  912.2 |
       Dungeon |   4561 |   4421 |    140 |    796 |   2760 |   5 |  912.2 |
               +--------+--------+--------+--------+--------+-----+--------+

Top non-repeatable levels by time:
     D:4: 1405 daAuts
     D:1: 1212 daAuts
     D:2: 963 daAuts
     D:3: 947 daAuts
     D:5: 31 daAuts
